 Dungeon Crawl Stone Soup version 0.30.0-10-gfe55d96785 (webtiles) character file.

Game seed: 17622809501232177384

55 Firecrotchwizard the Chopper (level 3, -3/33 HPs)
             Began as a Hill Orc Monk on May 15, 2023.
             Slain by an orc
             ... wielding a +0 war axe
              (6 damage)
             ... on level 3 of the Dungeon.
             The game lasted 00:01:35 (602 turns).

Firecrotchwizard the Chopper (Hill Orc Monk)         Turns: 602, Time: 00:01:36

Health: -3/33      AC:  5    Str: 15    XL:     3   Next: 93%
Magic:  3/3        EV: 11    Int: 10    God:
Gold:   82         SH:  0    Dex: 13    Spells: 2/2 levels left

rFire   . . .        e - +1 short sword (venom)
rCold   . . .        d - orb {light}
rNeg    . . .        j - +0 ring mail
rPois   .            (no helmet)
rElec   .            (no cloak)
rCorr   .            (no gloves)
SInv    .            (no boots)
Will    .....        (no amulet)
Stlth   +            (no ring)
HPRegen 0.25/turn    (no ring)
MPRegen 0.08/turn

%: no passive effects
@: glowing
A: no striking features
a: no special abilities


You were on level 3 of the Dungeon.
You visited 1 branch of the dungeon, and saw 3 of its levels.

You collected 82 gold pieces.

Inventory:

Hand Weapons
 a - a +0 hand axe
 e - a +1 short sword of venom (weapon)
 o - a +3 war axe
Armour
 b - a +0 robe
 d - an orb of light (worn)
 j - a +0 ring mail (worn)
 l - a +0 chain mail
Scrolls
 f - a scroll of immolation {unknown}
 g - a scroll of magic mapping {unknown}
 i - 2 scrolls of identify {unknown}
 k - a scroll of enchant armour {unknown}
 m - 2 scrolls of blinking {unknown}
Potions
 c - a potion of ambrosia
 h - 2 potions of brilliance {unknown}
 n - a potion of resistance {unknown}


   Skills:
 + Level 4.2 Fighting
 * Level 5.2 Axes
 + Level 1.6 Armour
 - Level 2.4 Dodging


You had 2 spell levels left.
You didn't know any spells.
Your spell library was empty.

Dungeon Overview and Level Annotations

Branches:
Dungeon (3/15)

Altars:
Trog


Message History

No target in view!
The kobold hits you but does no damage.
You hit the kobold.
The kobold is severely wounded.
The kobold hits you but does no damage.
You hit the kobold.
You kill the kobold!
No target in view!
A goblin comes into view. It is wielding a +0 dagger.
Found a club.
The goblin shouts!
The goblin closely misses you.
You hit the goblin.
The goblin is poisoned.
The goblin is severely wounded.
The goblin completely misses you.
You hit the goblin.
You kill the goblin!
No target in view!
You open the door.
A rat comes into view.
The rat bites you but does no damage.
You hit the rat.
You kill the rat!
No target in view!
A hobgoblin comes into view.
The hobgoblin shouts!
The hobgoblin closely misses you.
You hit the hobgoblin.
You kill the hobgoblin!
No target in view!
There is a stone staircase leading down here.
You now have 82 gold pieces (gained 12).
An adder comes into view.
The adder hisses angrily.
You barely miss the adder. The adder bites you.
You hit the adder.
The adder is poisoned.
The adder is moderately wounded.
The adder barely misses you. The adder bites you but does no damage.
You barely miss the adder.
The adder is moderately wounded.
The adder misses you.
You hit the adder.
The adder looks as sick as possible!
The adder is severely wounded.
You kill the adder!
No target in view!
HP restored.
You open the door.
A rat comes into view.
There is an open door here.
You hit the rat.
The rat is poisoned.
The rat is severely wounded.
You kill the rat!
No target in view!
No target in view!
You see here a +3 war axe.
There are no items here.
Found a stone staircase leading down.
You see here a +3 war axe.
o - a +3 war axe An orc comes into view.
It is wielding a +0 hand axe.
The orc shouts!
An orc comes into view. It is wielding a +0 trident.
The orc shouts!
You hear a shout!
An orc comes into view. It is wielding a +0 flail.
The orc shouts!
An orc comes into view. It is wielding a +0 hand axe.
An orc comes into view. It is wielding a +0 war axe.
The orc shouts!
The orc barely misses you. The orc hits you with a +0 hand axe.
You hit the orc.
The orc is poisoned.
The orc is moderately wounded.
The orc hits you from afar with a +0 trident.
The orc barely misses you.
You barely miss the orc.
The orc is moderately wounded.
The orc hits you with a +0 hand axe.
The orc hits you from afar with a +0 trident.
You hit the orc.
The orc is severely wounded.
You kill the orc!
The orc closely misses you.
You hit the orc.
The orc is lightly wounded.
The orc hits you from afar with a +0 trident.
The orc hits you with a +0 flail!
* * * LOW HITPOINT WARNING * * *
The orc attacks as you move away! The orc hits you with a +0 flail!
* * * LOW HITPOINT WARNING * * *
The orc attacks as you move away! The orc hits you but does no damage.
You barely miss the orc. The orc barely misses you. The orc closely misses you.
The orc attacks as you move away! The orc hits you with a +0 hand axe.
* * * LOW HITPOINT WARNING * * *
You hit the orc.
The orc is poisoned.
The orc is heavily wounded.
The orc hits you with a +0 hand axe.
* * * LOW HITPOINT WARNING * * *
You hit the orc.
You kill the orc!
The orc hits you with a +0 war axe.
You die...

##.................### #.#
..........+........... #.#
........###........### #.#
.....>).........†..# #.# #
........##.........# #.# #
#######..##.##'#########.#####
#.....##.### #..........
#.##oo##...###..........
#.##..)@............###.
#.####o.....#######.###. ..#
#.................'.
.........##....####.###.
..........##.##.# #.# #.
.........##.# .# #.# #.
.........##.# # #.
..........#.# #. #.. #.


You could see 3 orcs.

Vanquished Creatures
  Natasha (D:2)
  An adder (D:3)
  2 dart slugs (D:1)
  2 orcs (D:3)
  An endoplasm (D:2)
  A giant cockroach (D:2)
  A goblin (D:3)
  2 hobgoblins
  3 kobolds
  A bat (D:2)
  4 rats
19 creatures vanquished.

Notes
Turn   | Place    | Note
-------+----------+-------------------------------------------
     0 | D:1      | Firecrotchwizard the Hill Orc Monk began the quest for the
                  | Orb.
     0 | D:1      | Reached XP level 1. HP: 19/19 MP: 1/1
   102 | D:1      | Reached XP level 2. HP: 25/27 MP: 2/2
   295 | D:2      | Found a bloodstained altar of Trog.
   399 | D:2      | Noticed Natasha
   406 | D:2      | Killed Natasha
   407 | D:2      | Reached skill level 5 in Axes
   407 | D:2      | Reached skill level 1 in Armour
   407 | D:2      | Reached XP level 3. HP: 28/33 MP: 3/3
   602 | D:3      | Slain by an orc

Illustrated notes

Levels and vault maps discovered:
D:1:      nagdon_arrival_double_spiral, layout_basic, fountainhead
D:2:      layout_basic, basic_altar, uniq_robin, uniq_natasha
D:3:      layout_basic, serial_co_window_serial, co_window_paths_b,
          co_window_cross_1, co_window_paths_b, co_window_corner_a,
          co_window_paths_b, co_window_paths_a, co_window_of_opportunity_a,
          co_window_2corner, co_window_broadway_a, co_window_paths_c,
          co_window_broadway_c, glass_columns_a, glass_columns_a,
          glass_columns_a

Skill      XL: |  1  2 |
---------------+-------+-----
Fighting       | 4 |  4.2
Axes           | 5 |  5.2
Armour         | 1 |  1.6
Dodging        | |  2.4

Action                     || total
---------------------------++-------
  Melee: Hand axe          ||    12
         Short sword       ||    35
 Armour: Robe              ||     2
         Ring mail         ||     6
  Dodge: Dodged            ||    23
